 Adventure DCSS version bcrawl-1.18.1 (webtiles) character file.

Game seed: 17540890985199286489

36 Leeroy the Slasher (level 3, -2/23 HPs)
             Began as a Skeleton Reaver on Nov 11, 2019.
             Was a Follower of Vehumet.
             Slain by an orc priest
             ... wielding a +0 falchion
              (4 damage)
             ... on level 4 of the Dungeon.
             The game lasted 00:04:19 (1875 turns).

Leeroy the Slasher (Skeleton Reaver)                Turns: 1875, Time: 00:04:20

Health: -2/23      AC:  6    Str: 18 (19) XL:     3   Next: 19%
Magic:  0/7        EV: 12    Int: 12      God:    Vehumet [*.....]
Gold:   143        SH:  0    Dex:  7      Spells: 7/8 levels left
                                        Lives:  0   Deaths: 2

rFire    . . .     SeeInvis .   n - +2 dagger (speed)
rCold    + . .     Gourm    .   (no shield)
rNeg     + + +     Faith    .   b - +0 steam dragon scales
rPois    ∞         Spirit   +   (no helmet)
rElec    .         Reflect  .   (no cloak)
rCorr    .         Harm     .   m - +0 pair of gloves
MR       .....                  (no boots)
Stlth    +.........             (no amulet)
HPRegen  0.07/turn              (no ring)
MPRegen  0.10/turn              (no ring)

@: no status effects
A: no food or potions, cold resistance 1, deterioration 1, negative energy
resistance 3, torment resistance, unbreathing, magic shield, sturdy frame 1,
spell healing
a: Renounce Religion


You were on level 4 of the Dungeon.
You worshipped Vehumet.
Vehumet was aware of your devotion.
You were not hungry.

You visited 1 branch of the dungeon, and saw 4 of its levels.

You collected 143 gold pieces.

Inventory:

Hand Weapons
 a - a +0 long sword
 e - a cursed -2 club
 h - a +0 blowgun
 k - a +3 hand axe
 n - a +2 dagger of speed (weapon)
 p - a +3 short sword
 r - a +0 club
 s - a +0 long sword
Missiles
 i - 16 poisoned needles
 j - 69 needles of confusion
Armour
 b - +0 steam dragon scales (worn)
 m - a +0 pair of gloves (worn)
Jewellery
 o - an uncursed ring of protection from fire {unknown}
Scrolls
 c - a scroll of immolation
 d - a scroll of enchant weapon {unknown}
 f - 3 scrolls of teleportation
 g - 3 scrolls of identify {unknown}
 l - a scroll of magic mapping {unknown}
 q - a scroll of enchant armour {unknown}


   Skills:
 - Level 3.0 Fighting
 + Level 6.3 Long Blades
 - Level 3.0 Dodging
 - Level 3.0 Spellcasting


You had 7 spell levels left.
You knew the following spells:

 Your Spells              Type           Power        Failure   Level  Hunger
a - Magic Dart            Conj           #...         7%          1    N/A

Your spell library contained the following spells:

 Spells                   Type           Power        Failure   Level  Hunger
 Iskenderun's Battlesphe  Conj/Chrm      #.......     82%         5    N/A

Dungeon Overview and Level Annotations

Branches:
Dungeon (4/12)
 Temple: D:4-7

Altars:


Innate Abilities, Weirdness & Mutations

You do not eat or drink.
You are immune to poison.
Your flesh is cold resistant. (rC+)
Your body sometimes deteriorates upon taking damage.
You are immune to negative energy. (rN+++)
You are immune to unholy pain and torment.
You can survive without breathing.
When hurt, damage is shared between your health and your magic reserves.
Your movements are slightly less encumbered by armour. (ER -2)
Casting spells heals you.


Message History

The orc wizard casts a spell.
The orc wizard flickers and vanishes!
Deactivating autopickup; reactivate with Ctrl-A.
You hit something. You closely miss something.
A centaur skeleton comes into view.
Something hits you.
* * * LOW HITPOINT WARNING * * *
You hit something but do no damage. You hit something.
Something hits you but does no damage.
You barely miss something.
You hit the orc priest but do no damage.
A centaur comes into view.
Something hits you.
* * * LOW HITPOINT WARNING * * *
The centaur shouts!
You hit the orc priest.
The orc priest is lightly wounded.
The orc priest hits you with a +0 falchion.
You die...

########[.################
..........# ###.......#
#.......# ##......#
#......# ###.#..# #.#..#
#.#.@# #.#{o# #.## #o# #).
#o# #c# ..


You could see a centaur, an orc priest, an orc wizard and an orc.

Vanquished Creatures
  An orc priest (D:3)
  An adder (D:2)
  A worm (D:2)
  A dart slug (D:3)
  3 leopard geckos
  8 orcs
  2 ball pythons
  A giant cockroach (D:2)
  3 goblins
  5 hobgoblins
  9 kobolds
  3 frilled lizards
  A rat (D:3)
39 creatures vanquished.

Notes
Turn   | Place    | Note
-------+----------+-------------------------------------------
     0 | D:1      | Leeroy the Skeleton Reaver began the quest for the Orb.
     0 | D:1      | Reached XP level 1. HP: 14/14 MP: 4/4
    95 | D:1      | Reached skill level 4 in Long Blades
   217 | D:2      | Reached XP level 2. HP: 6/19 MP: 4/6
   672 | D:3      | Killed from afar by an orc priest
   673 | D:3      | Reached XP level 1. HP: -4/14 MP: 0/4
   740 | D:2      | Reached XP level 2. HP: 17/19 MP: 6/6
   767 | D:2      | Reached skill level 5 in Long Blades
   841 | D:2      | Reached * piety under Vehumet
   841 | D:2      | Offered knowledge of Magic Dart by Vehumet.
   844 | D:2      | Learned a level 1 spell: Magic Dart
  1132 | D:2      | Reached XP level 3. HP: 20/23 MP: 7/7
  1432 | D:3      | Reached skill level 6 in Long Blades
  1439 | D:3      | Reached XP level 4. HP: 11/28 MP: 3/8
  1763 | D:3      | HP: 1/28 [orc priest/divine providence (11)]
  1766 | D:4      | Slain by an orc wizard
  1767 | D:4      | Reached XP level 3. HP: 0/23 MP: 0/7
  1874 | D:4      | Noticed a centaur
  1875 | D:4      | Slain by an orc priest

Skill      XL: |  1  2  3 |
---------------+----------+-----
Long Blades    | 4 5 6 |  6.3
Fighting       | |  3.0
Dodging        | |  3.0
Spellcasting   | |  3.0

Action                   |  1- 3 |  4- 6 || total
-------------------------+-------+-------++-------
Melee: Long sword        |    78 |       ||    78
       Hand axe          |    21 |       ||    21
       Dagger            |    64 |    20 ||    84
 Cast: Magic Dart        |     5 |       ||     5
  Use: Scroll            |     1 |       ||     1
Armor: Steam dragon scal |    42 |     3 ||    45
Dodge: Dodged            |    81 |     9 ||    90
